 Dungeon Crawl Stone Soup version 0.29.0-4-gdea44cf6ec (webtiles) character file.

Game seed: 16173259665794597679

1873 qw the Cleaver (level 8, -1/109 HPs)
             Began as a Minotaur Berserker on Sept 9, 2022.
             Was an Elder of Trog.
             Slain by a killer bee (2 damage)
             ... on level 7 of the Dungeon.
             The game lasted 00:02:21 (7832 turns).

qw the Cleaver (Minotaur Berserker)                 Turns: 7832, Time: 00:02:21

Health: -1/109     AC:  8    Str: 24    XL:     8   Next: 91%
Magic:  7/7        EV: 10    Int: 10    God:    Trog [****..]
Gold:   418        SH:  0    Dex: 10    Spells: 7/7 levels left

rFire   . . .      SeeInvis .   Y - +1 war axe
rCold   . . .      Faith    .   (no shield)
rNeg    . . .      Spirit   .   j - +0 scale mail
rPois   +          Reflect  .   (helmet restricted)
rElec   .          Harm     .   o - +0 cloak
rCorr   .          Rampage  .   (no gloves)
Will    .....                   (no boots)
Stlth   ..........              (no amulet)
HPRegen 0.28/turn               h - +6 ring of intelligence
MPRegen 0.10/turn               q - ring of poison resistance

@: berserking, lethally poisoned (-1 -> -13), very quick
A: horns 2, retaliatory headbutt
a: Renounce Religion, Berserk, Trog's Hand, Brothers in Arms


You were on level 7 of the Dungeon.
You worshipped Trog.
Trog was greatly pleased with you.
You visited 1 branch of the dungeon, and saw 7 of its levels.
You also visited: Sewer.

You collected 418 gold pieces.


Innate Abilities, Weirdness & Mutations

You have a pair of horns on your head.
You reflexively headbutt those who attack you in melee.


   Skills:
 - Level 7.1 Fighting
 + Level 12.3 Axes
 - Level 2.0 Throwing
 - Level 3.3 Armour
 - Level 2.1 Dodging


You had 7 spell levels left.
You didn't know any spells.
Your spell library was empty.

Inventory:

Hand Weapons
 n - a +4 flail of holy wrath
 Y - a +1 war axe (weapon)
Armour
 j - a +0 scale mail (worn)
 o - a +0 cloak (worn)
Jewellery
 h - a +6 ring of intelligence (left hand)
 i - a ring of ice
 q - a ring of poison resistance (right hand)
Scrolls
 a - 2 scrolls of identify
 c - 2 scrolls of teleportation
Potions
 b - a potion of resistance
 d - a potion of might
 f - 3 potions of haste
 g - a potion of curing
 l - a potion of heal wounds

Dungeon Overview and Level Annotations

Branches:
Dungeon (7/15)             Temple (0/1) D:4           Sewer (visited)

Altars:
Hepliaklqana
Sif Muna
Trog
Wu Jian
Xom
The Shining One

Shops:
D:5 :

Annotations:
D:3 1 runed translucent door, Crazy Yiuf


Message History

You are more poisoned.
The killer bee poisons you!
You closely miss the killer bee. Your punch misses the killer bee.
The killer bee is moderately wounded.
You barely miss the killer bee.
You feel very sick. The killer bee stings you.
You are lethally poisoned!
The killer bee poisons you!
You closely miss the killer bee.
The killer bee is moderately wounded.
You closely miss the killer bee.
You feel very sick. The killer bee barely misses you. x2
You barely miss the killer bee. You headbutt the killer bee!
You kill the killer bee!
Trog accepts your kill.
You closely miss the killer bee. You miss the killer bee.
You feel very sick. The killer bee stings you.
The killer bee closely misses you.
You slash the killer bee! Your headbutt misses the killer bee.
The killer bee is almost dead.
You miss the killer bee.
You feel very sick.
The killer bee stings you but does no damage.
The killer bee closely misses you.
You miss the killer bee.
The killer bee is almost dead.
You barely miss the killer bee.
You feel sick. The killer bee stings you.
The killer bee stings you but does no damage.
You barely miss the killer bee.
The killer bee is almost dead.
You miss the killer bee.
You feel sick. The killer bee closely misses you. You furiously retaliate!
You headbutt the killer bee!
You kill the killer bee!
Trog accepts your kill. The killer bee stings you.
You die...

....y). .......
...... ....# ....#
....# ####....###
#######.@y......#
#.......%%...##..
#........[...#
#............#
#............#
##......<....#
#...........#
#########........####
#................#


You could see a killer bee.

Vanquished Creatures
  Menkaure (D:5)
  2 water moccasins
  A sky beast (D:7)
  2 ice beasts
  2 ogres
  A centaur (D:5)
  A necrophage (D:6)
  3 scorpions
  4 killer bees (D:7)
  A howler monkey (D:5)
  An orc priest (D:6)
  2 jellies
  2 iguanas
  Natasha (thrice) (D:3)
  An orc wizard (D:5)
  Robin (D:3)
  8 gnolls
  12 adders
  2 white imps (D:6)
  An ufetubus (D:5)
  4 worms
  3 dart slugs
  20 orcs
  9 endoplasms
  10 giant cockroaches
  12 goblins
  10 hobgoblins
  A jackal (D:2)
  5 quokkas
  6 ball pythons
  16 bats
  3 frilled lizards
  5 kobolds
  9 rats
164 creatures vanquished.

Notes
Turn   | Place    | Note
-------+----------+-------------------------------------------
     0 | D:1      | qw the Minotaur Berserker began the quest for the Orb.
     0 | D:1      | Reached XP level 1. HP: 19/19 MP: 0/0
     0 | D:1      | 0 ||| qw: Version: 0.1-a-113-g051387a
     0 | D:1      | 0 ||| qw: Game counter: 7010
     0 | D:1      | 0 ||| qw: Always use a shield: true
     0 | D:1      | 0 ||| qw: Do Orc after D:15 true
     0 | D:1      | 0 ||| qw: Do second Lair branch before Depths: true
     0 | D:1      | 0 ||| qw: Lair rune preference: random
     0 | D:1      | 0 ||| qw: Plans: Normal
     0 | D:1      | 0 ||| PLANNING D:1-11
   138 | D:1      | Reached skill level 4 in Axes
   305 | D:1      | Found a faded altar of an unknown god.
   315 | D:1      | Reached XP level 2. HP: 26/26 MP: 1/1
   339 | D:1      | 339 ||| Stepping ~*~*~tactically~*~*~ (hiding).
   428 | D:1      | You fall into a shaft and drop 1 floor!
   432 | D:2      | 432 ||| Stepping ~*~*~tactically~*~*~ (stealth).
   435 | D:2      | 435 ||| Stepping ~*~*~tactically~*~*~ (stealth).
   442 | D:2      | 442 ||| Stepping ~*~*~tactically~*~*~ (stealth).
   443 | D:2      | 443 ||| Stepping ~*~*~tactically~*~*~ (stealth).
   450 | D:2      | 450 ||| Stepping ~*~*~tactically~*~*~ (stealth).
   451 | D:2      | 451 ||| Stepping ~*~*~tactically~*~*~ (stealth).
   452 | D:2      | 452 ||| Stepping ~*~*~tactically~*~*~ (stealth).
   455 | D:2      | 455 ||| Stepping ~*~*~tactically~*~*~ (stealth).
   457 | D:2      | 457 ||| INVOKING Berserk.
   459 | D:2      | Reached skill level 5 in Axes
   460 | D:2      | Reached XP level 3. HP: 31/31 MP: 2/2
   461 | D:2      | Reached ** piety under Trog
   579 | D:2      | 579 ||| DROPPING +0 club.
   616 | D:2      | 616 ||| INVOKING Berserk.
   816 | D:2      | Reached skill level 6 in Axes
   816 | D:2      | Reached XP level 4. HP: 39/39 MP: 3/3
  1363 | D:2      | 1363 ||| UPGRADING to +0 ring mail.
  1373 | D:2      | 1373 ||| DROPPING +0 animal skin.
  1374 | D:2      | 1374 ||| DROPPING amulet of faith.
  1375 | D:2      | 1375 ||| DROPPING ring of flight.
  1376 | D:2      | 1376 ||| READING 2 scrolls labelled KEXIUQ GOUMA.
  1377 | D:2      | 1377 ||| READING scroll labelled WECSOA QIPPUUXO.
  1409 | D:1      | 1409 ||| READING scroll of enchant weapon.
  1409 | D:1      | 1409 ||| ENCHANTING +1 hand axe.
  1479 | D:1      | 1479 ||| DROPPING +0 mace.
  1809 | D:1      | 1809 ||| READING scroll labelled EZAFAYP XY GOI.
  1810 | D:1      | 1810 ||| READING scroll labelled COEDUR EJAPRIS.
  1911 | D:1      | 1911 ||| READING scroll labelled REXTAR DIASOHE.
  1912 | D:1      | 1912 ||| DRINKING 2 fizzy purple potions.
  2074 | D:2      | 2074 ||| READING scroll of enchant weapon.
  2074 | D:2      | 2074 ||| ENCHANTING +2 hand axe.
  2197 | D:2      | 2197 ||| UPGRADING to +6 ring of intelligence.
  2198 | D:2      | 2198 ||| READING scroll labelled XOXTODGHUOWK.
  2199 | D:2      | 2199 ||| READING 2 scrolls of identify.
  2199 | D:2      | 2199 ||| IDENTIFYING pink potion
  2200 | D:2      | 2200 ||| DROPPING potion of attraction.
  2243 | D:3      | Noticed Robin
  2251 | D:3      | 2251 ||| INVOKING Berserk.
  2258 | D:3      | HP: 13/57 [Robin/+0 trident of freezing (3)]
  2259 | D:3      | Killed Robin
  2518 | D:3      | 2518 ||| Stepping ~*~*~tactically~*~*~ (stealth).
  2519 | D:3      | 2519 ||| Stepping ~*~*~tactically~*~*~ (stealth).
  2524 | D:3      | 2524 ||| Stepping ~*~*~tactically~*~*~ (stealth).
  2554 | D:3      | 2554 ||| Stepping ~*~*~tactically~*~*~ (stealth).
  2635 | D:3      | 2635 ||| Stepping ~*~*~tactically~*~*~ (hiding).
  2641 | D:3      | 2641 ||| Stepping ~*~*~tactically~*~*~ (stealth).
  2701 | D:3      | 2701 ||| DROPPING +0 whip of venom.
  2718 | D:3      | 2718 ||| Stepping ~*~*~tactically~*~*~ (stealth).
  2802 | D:3      | Reached skill level 7 in Axes
  2802 | D:3      | Reached XP level 5. HP: 45/45 MP: 4/4
  2816 | D:3      | Noticed Natasha
  2817 | D:3      | 2817 ||| Stepping ~*~*~tactically~*~*~ (hiding).
  2821 | D:3      | 2821 ||| INVOKING Berserk.
  2824 | D:3      | Killed Natasha
  2850 | D:3      | 2850 ||| Stepping ~*~*~tactically~*~*~ (stealth).
  2957 | D:3      | Found a hazy altar of Hepliaklqana.
  2958 | D:3      | 2958 ||| Stepping ~*~*~tactically~*~*~ (stealth).
  2960 | D:3      | 2960 ||| Stepping ~*~*~tactically~*~*~ (stealth).
  2980 | D:3      | 2980 ||| READING scroll labelled BUUMOZOMEF.
  2981 | D:3      | 2981 ||| READING scroll labelled CIWKIMN KELEUZXODD.
  2982 | D:3      | 2982 ||| FLEEEEING.
  2983 | D:3      | 2983 ||| FLEEEEING.
  3011 | D:3      | 3011 ||| Stepping ~*~*~tactically~*~*~ (hiding).
  3036 | D:3      | Noticed a moth of wrath
  3040 | D:3      | Found a bloodstained altar of Trog.
  3046 | D:3      | 3046 ||| INVOKING Berserk.
  3076 | D:3      | Identified the +2 falchion "Juar" {venom, Str-5 Dex+5
                  | Stlth+}
  3210 | D:3      | Found an ornate altar of the Wu Jian Council.
  3379 | D:3      | Reached *** piety under Trog
  3459 | D:3      | Noticed Natasha
  3460 | D:3      | 3460 ||| Stepping ~*~*~tactically~*~*~ (stealth).
  3462 | D:3      | 3462 ||| Stepping ~*~*~tactically~*~*~ (hiding).
  3466 | D:3      | 3466 ||| INVOKING Berserk.
  3474 | D:3      | Killed Natasha
  3597 | D:3      | Noticed Natasha
  3598 | D:3      | 3598 ||| Stepping ~*~*~tactically~*~*~ (hiding).
  3600 | D:3      | 3600 ||| INVOKING Berserk.
  3605 | D:3      | Killed Natasha
  3764 | D:3      | Found a runed translucent door.
  3765 | D:3      | Noticed Crazy Yiuf
  3948 | D:3      | 3948 ||| READING scroll labelled BIXOFU TAMPA.
  3949 | D:3      | 3949 ||| READING 3 scrolls of identify.
  3949 | D:3      | 3949 ||| IDENTIFYING orange potion
  3950 | D:3      | 3950 ||| READING 2 scrolls of identify.
  3950 | D:3      | 3950 ||| IDENTIFYING fizzy dark potion
  3951 | D:3      | 3951 ||| DROPPING potion of flight.
  4020 | D:4      | 4020 ||| PLANNING SEWER
  4020 | D:4      | Found a shimmering blue altar of Sif Muna.
  4039 | D:4      | Noticed an ogre
  4045 | D:4      | 4045 ||| INVOKING Berserk.
  4048 | D:4      | Killed an ogre
  4049 | D:4      | Reached skill level 8 in Axes
  4049 | D:4      | Reached XP level 6. HP: 52/52 MP: 5/5
  4148 | D:4      | Noticed an ice beast
  4152 | D:4      | 4152 ||| INVOKING Berserk.
  4155 | D:4      | Killed an ice beast
  4156 | D:4      | Reached skill level 9 in Axes
  4324 | D:4      | 4324 ||| Stepping ~*~*~tactically~*~*~ (stealth).
  4344 | D:4      | 4344 ||| Stepping ~*~*~tactically~*~*~ (stealth).
  4348 | D:4      | 4348 ||| Stepping ~*~*~tactically~*~*~ (stealth).
  4366 | D:4      | 4366 ||| UPGRADING to +0 scale mail.
  4376 | D:4      | 4376 ||| DROPPING +0 ring mail.
  4377 | D:4      | 4377 ||| READING 4 scrolls of identify.
  4377 | D:4      | 4377 ||| IDENTIFYING smoky pink potion
  4378 | D:4      | 4378 ||| READING 3 scrolls of identify.
  4378 | D:4      | 4378 ||| IDENTIFYING emerald potion
  4379 | D:4      | 4379 ||| READING 2 scrolls of identify.
  4379 | D:4      | 4379 ||| IDENTIFYING yellow potion
  4380 | D:4      | 4380 ||| DROPPING potion of brilliance.
  4381 | D:4      | 4381 ||| Stepping randomly (stuck).
  4383 | D:4      | 4383 ||| Stepping randomly (stuck).
  4385 | D:4      | 4385 ||| Stepping randomly (stuck).
  4385 | D:4      | Found a glowing drain.
  4407 | Sewer    | Entered a sewer
  4433 | Sewer    | Noticed a water moccasin
  4443 | Sewer    | Killed a water moccasin
  4444 | Sewer    | Reached XP level 7. HP: 36/61 MP: 6/6
  4653 | D:4      | 4653 ||| PLANNING D:1-11
  4707 | D:4      | 4707 ||| Stepping ~*~*~tactically~*~*~ (hiding).
  4875 | D:4      | Found a staircase to the Ecumenical Temple.
  5153 | D:5      | Entered Level 5 of the Dungeon
  5156 | D:5      | 5156 ||| Stepping ~*~*~tactically~*~*~ (stealth).
  5377 | D:5      | Found Furuyss's Book Shoppe.
  5413 | D:5      | Noticed Menkaure
  5414 | D:5      | 5414 ||| INVOKING Berserk.
  5417 | D:5      | Killed Menkaure
  5418 | D:5      | Reached skill level 10 in Axes
  5587 | D:5      | Found a glowing golden altar of the Shining One.
  5643 | D:5      | Reached skill level 6 in Fighting
  5643 | D:5      | Reached XP level 8. HP: 47/70 MP: 7/7
  5648 | D:5      | 5648 ||| INVOKING Berserk.
  5650 | D:5      | HP: 26/105 [gnoll/+0 spear (4)]
  5934 | D:5      | 5934 ||| Stepping ~*~*~tactically~*~*~ (stealth).
  5941 | D:5      | 5941 ||| Stepping ~*~*~tactically~*~*~ (stealth).
  5945 | D:5      | 5945 ||| Stepping ~*~*~tactically~*~*~ (stealth).
  5973 | D:5      | 5973 ||| SWAPPING to +0 war axe.
  5989 | D:5      | 5989 ||| DROPPING +3 hand axe.
  6046 | D:5      | 6046 ||| Stepping ~*~*~tactically~*~*~ (stealth).
  6252 | D:5      | 6252 ||| Stepping ~*~*~tactically~*~*~ (stealth).
  6253 | D:5      | 6253 ||| INVOKING Berserk.
  6500 | D:5      | 6500 ||| UPGRADING to +0 cloak.
  6505 | D:5      | 6505 ||| UPGRADING to ring of poison resistance.
  6506 | D:5      | 6506 ||| READING scroll labelled UFUEDW MASSIVE.
  6507 | D:5      | 6507 ||| READING scroll labelled FAEHIDU DOZUODGH.
  6508 | D:5      | 6508 ||| READING 2 scrolls of identify.
  6508 | D:5      | 6508 ||| IDENTIFYING red potion
  6591 | D:6      | Reached skill level 11 in Axes
  6709 | D:6      | 6709 ||| INVOKING Berserk.
  6711 | D:6      | Reached skill level 3 in Armour
  6818 | D:6      | 6818 ||| DROPPING +0 flail.
  6941 | D:6      | 6941 ||| Stepping ~*~*~tactically~*~*~ (stealth).
  6946 | D:6      | 6946 ||| Stepping ~*~*~tactically~*~*~ (stealth).
  6963 | D:6      | 6963 ||| INVOKING Berserk.
  7434 | D:6      | 7434 ||| READING scroll of enchant weapon.
  7434 | D:6      | 7434 ||| ENCHANTING +0 war axe.
  7469 | D:6      | 7469 ||| Stepping ~*~*~tactically~*~*~ (stealth).
  7470 | D:6      | 7470 ||| Stepping ~*~*~tactically~*~*~ (hiding).
  7471 | D:6      | 7471 ||| Stepping ~*~*~tactically~*~*~ (hiding).
  7477 | D:6      | 7477 ||| Stepping ~*~*~tactically~*~*~ (hiding).
  7483 | D:6      | 7483 ||| Stepping ~*~*~tactically~*~*~ (water).
  7498 | D:6      | Found a shimmering altar of Xom.
  7500 | D:6      | 7500 ||| Stepping ~*~*~tactically~*~*~ (hiding).
  7625 | D:6      | 7625 ||| DROPPING scarf of shadows.
  7626 | D:6      | 7626 ||| READING scroll labelled LYORHOH YROMI.
  7627 | D:6      | 7627 ||| READING 3 scrolls of identify.
  7627 | D:6      | 7627 ||| IDENTIFYING viscous sapphire potion
  7628 | D:6      | 7628 ||| DROPPING potion of degeneration.
  7680 | D:7      | Reached skill level 12 in Axes
  7814 | D:7      | 7814 ||| Stepping ~*~*~tactically~*~*~ (stealth).
  7822 | D:7      | 7822 ||| INVOKING Berserk.
  7824 | D:7      | Reached **** piety under Trog
  7826 | D:7      | HP: 27/109 [killer bee (3)]
  7829 | D:7      | HP: 10/109 [killer bee (5)]
  7831 | D:7      | HP: 2/109 [killer bee (3)]
  7832 | D:7      | Slain by a killer bee

Levels and vault maps discovered:
D:1:      eino_arrival_cavern_b, layout_loops_ring,
          hellmonk_ecumenical_altar_crossroads
D:2:      kb_forest_paths, layout_basic
D:3:      layout_loops_cross, mainiacjoe_overflow_cross_hatched,
          mainiacjoe_overflow_paths, tgw_trog, nicolae_titane, uniq_robin,
          uniq_crazy_yiuf_cottage, uniq_natasha
D:4:      layout_loops_ring, mainiacjoe_overflow_tiny_flanked,
          minmay_temple_entry_overgrown, gup_sewer_entry_glass
D:5:      layout_gridville, mainiacjoe_overflow_six_doors_small, serial_shops,
          nicolae_shop_waterfront, minmay_stone_trees_medium, uniq_menkaure
D:6:      layout_loops_ring, tgw_xom, grunt_ministairs_3
D:7:      minmay_opposing_rooms, layout_basic

Skill      XL: |  1  2  3  4  5  6  7  8 |
---------------+-------------------------+-----
Axes           | 4 5 6 7 8 9 10 12 | 12.3
Fighting       | 4 5 6 7 |  7.1
Throwing       | 2 |  2.0
Armour         | 3 |  3.3
Dodging        | |  2.1

Action                   |  1- 3 |  4- 6 |  7- 9 || total
-------------------------+-------+-------+-------++-------
Melee: Hand axe          |    43 |   143 |    48 ||   234
       Headbutt          |     8 |    18 |    26 ||    52
       Unarmed           |       |     5 |       ||     5
       Punch             |       |       |     1 ||     1
       War axe           |       |       |    78 ||    78
Throw: Boomerang         |       |    11 |    46 ||    57
Invok: Berserk           |     2 |     7 |     6 ||    15
  Use: Scroll            |       |    17 |     6 ||    23
       Potion            |       |     1 |       ||     1
Armor: Animal skin       |     5 |     7 |       ||    12
       Ring mail         |       |    22 |       ||    22
       Scale mail        |       |    15 |    42 ||    57
Dodge: Dodged            |    20 |    50 |    57 ||   127

Table legend:
 A = Non-vault XP
 B = Vault XP
 C = Vault XP percentage of total XP
 D = Non-vault monster count
 E = Vault monster count
 F = Vault count percentage of total count
                 A         B        C        D         E       F
            +---------+---------+-------+---------+---------+-------
      Total |    2228 |     510 |  18.6 |     123 |      41 |  25.0
            +---------+---------+-------+---------+---------+-------
        D:1 |      28 |       0 |   0.0 |      19 |       0 |   0.0
        D:2 |      99 |      11 |  10.0 |      24 |       6 |  20.0
        D:3 |     125 |      76 |  37.8 |      23 |      13 |  36.1
        D:4 |     379 |      33 |   8.0 |      17 |       5 |  22.7
        D:5 |     576 |     172 |  23.0 |      23 |       1 |   4.2
        D:6 |     492 |      59 |  10.7 |      11 |       9 |  45.0
        D:7 |     529 |       0 |   0.0 |       6 |       0 |   0.0
      Sewer |       0 |     159 | 100.0 |       0 |       7 | 100.0
            +---------+---------+-------+---------+---------+-------
